AoeStats
← Iguano Pop

Black Forest

506599989Analyzed
2v2 RM · 18d ago on Sep 14, 2026· 48m 32s· 4 players
Game mode
Random Map
Map size
Medium (4 player)
Population
200
Speed
Normal
Resources
Standard
Victory
Conquest
Starting age
Dark Age
Ending age
Imperial Age
RankedLock teamsTeams togetherTeam positionsShared explorationLock speedFull tech treeHidden civsTurbo modeCheats
Victory
Defeat
🇮🇳 Franks · India
1393
+12
🇮🇳 Britons · India
1340
+14
🇲🇽 Spanish · Mexico
1299
-13
🇨🇳 Portuguese · China
1291
-13
rower56
1:10 Loom
16:53 Feudal Age
17:54 Double-Bit Axe
17:51 Horse Collar
22:49 Castle Age
21:27 Stone Mining
21:27 Gold Mining
21:59 Gold Mining
21:59 Man-at-Arms
23:59 Bow Saw
23:59 Heavy Plow
25:30 Fervor
27:44 Redemption
29:41 Wheelbarrow
30:55 Fortified Wall
31:38 Wheelbarrow
34:43 Imperial Age
33:06 Hand Cart
32:33 Pikeman
33:16 Scale Mail Armor
33:26 Forging
34:05 Ballistics
33:41 Murder Holes
34:39 Chain Mail Armor
34:14 Fletching
34:42 Masonry
36:56 Two-Man Saw
37:00 Chemistry
35:47 Halberdier
37:00 Plate Mail Armor
37:05 Iron Casting
36:26 Bodkin Arrow
36:32 Bodkin Arrow
37:11 Crossbowman
37:57 Thumb Ring
38:32 Siege Engineers
39:56 Bombard Tower
40:07 Architecture
41:39 Blast Furnace
40:39 Bracer
42:35 Crop Rotation
42:55 Arquebus
43:15 Conscription
44:50 Guilds
45:11 Coinage
45:02 Padded Archer Armor
45:08 Scale Barding Armor
44:42 Arbalester
46:15 Elite Skirmisher
48:49 Leather Archer Armor
Iguano Pop
9:13 Loom
11:22 Feudal Age
15:47 Castle Age
18:55 Double-Bit Axe
20:59 Town Watch
30:31 Imperial Age
28:48 Wheelbarrow
29:06 Fletching
29:29 Masonry
30:26 Gold Mining
30:33 Stone Mining
30:45 Bodkin Arrow
30:48 Murder Holes
32:20 Chemistry
32:03 Bow Saw
32:26 Hand Cart
32:52 Town Patrol
33:26 Architecture
33:53 Bracer
33:57 Horse Collar
34:55 Conscription
35:15 Scale Barding Armor
38:16 Husbandry
38:18 Padded Archer Armor
38:23 Heavy Plow
38:16 Cavalier
39:07 Bloodlines
39:19 Chain Barding Armor
39:12 Forging
39:46 Ballistics
41:50 Plate Barding Armor
42:38 Squires
42:08 Pikeman
43:48 Iron Casting
46:51 Blast Furnace
47:39 Elite Skirmisher
mayankjainmmj08
2:14 Loom
14:25 Feudal Age
19:42 Castle Age
18:12 Gold Mining
18:30 Double-Bit Axe
21:15 Bow Saw
27:16 Town Watch
28:07 Wheelbarrow
29:11 Caravan
29:21 Husbandry
35:10 Imperial Age
33:00 Masonry
33:01 Fortified Wall
33:12 Scale Barding Armor
33:18 Forging
33:51 Stone Mining
35:48 Chain Barding Armor
36:04 Iron Casting
35:32 Cavalier
37:41 Architecture
37:51 Plate Barding Armor
37:03 Paladin
38:25 Hand Cart
38:10 Town Patrol
39:47 Blast Furnace
40:14 Fletching
41:15 Siege Engineers
42:11 Chemistry
41:36 Ballistics
41:27 Squires
40:48 Pikeman
42:19 Bodkin Arrow
44:14 Padded Archer Armor
44:42 Conscription
44:58 Hoardings
45:28 #83
45:08 Light Cavalry
[T41] Indian War Lord
1:03 Loom
13:27 Feudal Age
14:20 Double-Bit Axe
23:02 Castle Age
21:38 Fletching
22:40 Wheelbarrow
21:51 Horse Collar
23:13 Gold Mining
23:15 Crossbowman
24:16 Bow Saw
24:29 Heavy Plow
26:26 Bodkin Arrow
27:49 Caravan
27:52 Padded Archer Armor
30:58 Hand Cart
34:17 Imperial Age
32:23 Leather Archer Armor
34:43 Yeomen
34:21 Arbalester
35:03 Bracer
36:07 Chemistry
35:44 Conscription
36:02 Ballistics
37:09 Ring Archer Armor
37:52 Gold Shaft Mining
39:08 Scale Mail Armor
39:19 Forging
39:12 Squires
39:09 Stone Mining
38:54 Pikeman
41:47 Warwolf
42:58 Hoardings
48:43 Two-Man Saw
47:55 Guilds
48:16 Coinage
Connection lost

Rejoining the realm…

Still unreachable

The connection could not be restored.

Session expired

The server has moved on; the page needs a fresh start.